AoeStats
← _xRegulusx_

Oasis

508755567Analyzed
4v4 RM · 9d ago on Sep 23, 2026· 53m 57s· 8 players
Game mode
Random Map
Map size
Large (8 player)
Population
200
Speed
Normal
Resources
Standard
Victory
Conquest
Starting age
Dark Age
Ending age
Imperial Age
RankedLock teamsTeams togetherTeam positionsShared explorationLock speedFull tech treeHidden civsTurbo modeCheats
Victory
Defeat
🇲🇽 Tupi · Mexico
1548
+13
🇨🇦 Varangians · Canada
1544
+13
🇺🇸 Persians · United States
1507
+15
🇲🇽 Vietnamese · Mexico
1488
+15
🇹🇷 Berbers · Türkiye
1571
-18
🇹🇷 Maya · Türkiye
1506
-15
🇹🇷 Vietnamese · Türkiye
1479
-14
🇹🇷 Khmer · Türkiye
1353
-9
The Lord Daniel
6:11 Loom
8:24 Feudal Age
10:37 Double-Bit Axe
12:33 Fletching
20:06 Castle Age
18:24 Horse Collar
20:16 Crossbowman
22:06 Bodkin Arrow
29:09 Ballistics
31:00 Wheelbarrow
31:40 Padded Archer Armor
31:51 Bow Saw
34:35 Hand Cart
38:05 Imperial Age
36:35 Town Watch
36:51 Heavy Plow
36:42 Gold Mining
36:42 Stone Mining
37:09 Leather Archer Armor
38:44 Thumb Ring
38:18 Arbalester
38:59 Bracer
41:17 Chemistry
40:48 Ring Archer Armor
42:46 Two-Man Saw
42:17 Crop Rotation
46:36 Stone Shaft Mining
46:15 Elite Rattan Archer
48:38 Paper Money
51:06 Coinage
52:34 Banking
_xRegulusx_
7:11 Loom
9:24 Feudal Age
12:31 Fletching
13:46 Horse Collar
13:57 Double-Bit Axe
14:56 Horse Collar
18:33 Wheelbarrow
22:55 Castle Age
21:17 Stone Mining
24:20 Bodkin Arrow
24:38 Bow Saw
25:39 Padded Archer Armor
27:35 Leather Archer Armor
30:12 Town Watch
33:42 Ballistics
41:21 Imperial Age
41:41 Hand Cart
42:17 Caciques
42:56 Bracer
43:49 Conscription
43:18 Elite Skirmisher
52:16 Caravan
53:38 Pikeman
54:22 Scale Mail Armor
xXbananamanXx
9:25 Feudal Age
9:12 Loom
10:33 Double-Bit Axe
11:10 Horse Collar
12:26 Wheelbarrow
13:56 Bloodlines
21:01 Castle Age
19:27 Gold Mining
20:24 Scale Barding Armor
21:17 Forging
22:42 Bow Saw
26:06 Heavy Plow
29:02 Chain Barding Armor
32:41 Iron Casting
34:00 Hand Cart
38:57 Imperial Age
37:50 Scale Mail Armor
37:55 Husbandry
37:54 Vendel Legacy
39:00 Cavalier
40:21 Plate Barding Armor
42:10 Light Cavalry
49:53 Fletching
52:53 Blast Furnace
ila
5:49 Loom
8:35 Feudal Age
9:04 Double-Bit Axe
9:20 Horse Collar
14:50 Gold Mining
18:59 Wheelbarrow
21:55 Castle Age
20:51 Bloodlines
20:47 Scale Barding Armor
21:35 Forging
22:44 Chain Barding Armor
22:27 Husbandry
23:40 Light Cavalry
26:02 Town Watch
28:56 Bow Saw
29:42 Hand Cart
30:36 Iron Casting
35:54 Gold Shaft Mining
35:12 Stone Mining
38:00 Heavy Plow
41:57 Imperial Age
40:44 Stone Shaft Mining
40:31 Fletching
41:20 Bodkin Arrow
42:09 Coinage
42:50 Plate Barding Armor
42:39 Conscription
42:31 Citadels
42:07 Cavalier
43:37 Banking
44:34 Blast Furnace
48:31 Crop Rotation
49:15 Chemistry
48:40 Ballistics
48:02 Elite War Elephant
51:52 Two-Man Saw
52:36 Hoardings
52:18 Caravan
52:43 Guilds
53:52 Masonry
GdR_!nF@Z
8:17 Loom
9:12 Loom
9:19 Loom
11:05 Feudal Age
12:48 Double-Bit Axe
15:26 Castle Age
15:21 Bloodlines
19:23 Bow Saw
20:57 Gold Mining
21:44 Husbandry
23:21 Forging
24:38 Scale Barding Armor
26:48 Chain Barding Armor
29:02 Wheelbarrow
29:00 Town Watch
30:21 Iron Casting
30:49 Hand Cart
30:16 Horse Collar
30:41 Stone Mining
34:19 Heavy Plow
40:50 Imperial Age
42:14 Plate Barding Armor
41:02 Cavalier
44:31 Ballistics
44:24 Masonry
44:41 Scale Mail Armor
44:20 Pikeman
46:06 Chain Mail Armor
45:43 Fletching
46:43 Chain Mail Armor
47:03 Elite Battle Elephant
47:10 Elite Skirmisher
49:08 Imperial Skirmisher
52:52 Imperial Skirmisher
GdR_halo
0:26 Loom
10:02 Feudal Age
10:31 Double-Bit Axe
14:12 Fletching
18:29 Padded Archer Armor
24:51 Castle Age
26:25 Crossbowman
27:01 Bodkin Arrow
28:53 Leather Archer Armor
30:25 Ballistics
37:25 Imperial Age
37:40 Arbalester
38:34 Bracer
41:38 Chemistry
42:47 Ring Archer Armor
49:19 Conscription
51:31 Scale Mail Armor
51:41 Forging
53:59 Squires
53:45 Arson
GdR_Bozadam
5:18 Loom
12:25 Feudal Age
13:40 Horse Collar
13:50 Double-Bit Axe
26:23 Scale Mail Armor
26:14 Fletching
30:11 Forging
46:43 Castle Age
48:49 Wheelbarrow
49:09 Heavy Plow
GdR_Zasha
8:47 Loom
11:11 Feudal Age
15:09 Castle Age
13:37 Double-Bit Axe
13:33 Horse Collar
14:48 Scale Barding Armor
16:04 Bow Saw
15:55 Heavy Plow
20:51 Bloodlines
23:28 Forging
27:06 Wheelbarrow
27:41 Chain Barding Armor
28:50 Husbandry
30:33 Hand Cart
30:23 Gold Mining
32:23 Iron Casting
33:03 Gold Shaft Mining
32:16 Town Watch
37:13 Imperial Age
37:19 Cavalier
38:36 Plate Barding Armor
40:19 Blast Furnace
43:22 Heavy Camel Rider
48:34 Stone Mining
48:41 Light Cavalry
49:45 Hussar
Connection lost

Rejoining the realm…

Still unreachable

The connection could not be restored.

Session expired

The server has moved on; the page needs a fresh start.